[Event "Istanbul Open 2019"]
[Site "Istanbul"]
[Date "2019.08.26"]
[Round "1.2"]
[White "Huseynov, Shamsaddin"]
[Black "Arat, Ufuk Sezen"]
[Result "0-1"]
[ECO "B07"]
[WhiteElo "1967"]
[BlackElo "2390"]
[Annotator "ChessBase"]
[PlyCount "64"]
[EventDate "2019.08.26"]
[EventType "swiss"]
[EventCountry "TUR"]
[SourceTitle "playchess.com"]
[Source "ChessBase"]
[SourceQuality "1"]
[TimeControl "5400+30"]

1. e4 g6 2. d4 d6 3. Nc3 Bg7 4. Be2 Nf6 5. Be3 a6 6. g4 h5 7. g5 Nfd7 8. Nf3 b5 9. a4 b4 10. Nd5 a5 11. Nf4 e5 12. dxe5 dxe5 13. Nd3 Qe7 14. c4 Bb7 15. Nd2 Nc6 16. h4 Nd4 17. f3 Nf8 18. Nb3 Nfe6 19. Bxd4 exd4 20. Qc2 O-O 21. O-O-O Rfb8 22. Nd2 b3 23. Nxb3 Bc6 24. Nd2 Nc5 25. Nxc5 Qxc5 26. Bd3 Be5 27. Rdf1 Bf4 28. e5 Rb4 29. b3 Rab8 30. Bxg6 Rxb3 31. Bxf7+ Kf8 32. Bg6 Rc3 0-1

[Event "Istanbul Open 2019"]
[Site "Istanbul"]
[Date "2019.08.26"]
[Round "1.4"]
[White "Senyuz, Mustafa Zorbey"]
[Black "Ozsakallioglu, Okan"]
[Result "0-1"]
[ECO "B49"]
[WhiteElo "1844"]
[BlackElo "2324"]
[Annotator "ChessBase"]
[PlyCount "76"]
[EventDate "2019.08.26"]
[EventType "swiss"]
[EventCountry "TUR"]
[SourceTitle "playchess.com"]
[Source "ChessBase"]
[SourceQuality "1"]
[TimeControl "5400+30"]

1. e4 c5 2. Nf3 e6 3. d4 cxd4 4. Nxd4 Nf6 5. Nc3 Nc6 6. a3 a6 7. Be3 Qc7 8. Be2 b5 9. O-O Bb7 10. f4 Bc5 11. e5 Qb6 12. Bf3 Bxd4 13. Bxd4 Nxd4 14. Bxb7 Nf5+ 15. Kh1 Qxb7 16. exf6 gxf6 17. Qe2 d5 18. Rad1 Rd8 19. Rfe1 h5 20. Qd3 Kf8 21. Ne2 Qc7 22. Nd4 Nxd4 23. Qxd4 Ke7 24. c3 h4 25. a4 h3 26. g3 bxa4 27. Qxa4 Rd6 28. Rd4 Rb8 29. Qa3 Qb7 30. b4 Kd7 31. Qa4+ Qc6 32. Qc2 f5 33. Kg1 Rc8 34. Rc1 Qb6 35. Qa4+ Ke7 36. Qd1 Rc4 37. Qd2 Rdc6 38. Kf1 Qxd4 0-1

[Event "Istanbul Open 2019"]
[Site "Istanbul"]
[Date "2019.08.26"]
[Round "1.7"]
[White "Citak, Selim"]
[Black "Demir, Baran"]
[Result "1-0"]
[ECO "E70"]
[WhiteElo "2263"]
[BlackElo "1859"]
[Annotator "ChessBase"]
[PlyCount "89"]
[EventDate "2019.08.26"]
[EventType "swiss"]
[EventCountry "TUR"]
[SourceTitle "playchess.com"]
[Source "ChessBase"]
[SourceQuality "1"]
[TimeControl "5400+30"]

1. d4 Nf6 2. c4 c5 3. d5 g6 4. Nc3 Bg7 5. e4 O-O 6. Bd3 d6 7. Nge2 Na6 8. O-O Nc7 9. Ng3 h5 10. h3 h4 11. Nge2 Nh5 12. Bg5 Bf6 13. Bxf6 exf6 14. f4 f5 15. Qc2 Qf6 16. Rae1 Bd7 17. Kh2 Rfe8 18. Rf3 Rab8 19. Rg1 b5 20. b3 b4 21. Nd1 fxe4 22. Bxe4 Bf5 23. Bxf5 Qxf5 24. Qxf5 gxf5 25. Ne3 Nf6 26. Nc1 Rxe3 27. Rxe3 Ne4 28. Ne2 Ne8 29. g3 N8f6 30. gxh4+ Kf8 31. Ng3 Nxg3 32. Rexg3 Re8 33. Rg5 Re3 34. Rxf5 Ne4 35. Rg2 Rf3 36. h5 Nf2 37. Rg3 Rxg3 38. Kxg3 Ne4+ 39. Kf3 Nc3 40. Rg5 Nxa2 41. h6 Nc1 42. h7 Nxb3 43. h8=Q+ Ke7 44. Qb8 Nd4+ 45. Kf2 1-0

[Event "Istanbul Open 2019"]
[Site "Istanbul"]
[Date "2019.08.26"]
[Round "1.8"]
[White "Aslan, Dogukan"]
[Black "Nuri, Murad"]
[Result "0-1"]
[ECO "E10"]
[WhiteElo "1837"]
[BlackElo "2291"]
[Annotator "ChessBase"]
[PlyCount "66"]
[EventDate "2019.08.26"]
[EventType "swiss"]
[EventCountry "TUR"]
[SourceTitle "playchess.com"]
[Source "ChessBase"]
[SourceQuality "1"]
[TimeControl "5400+30"]

1. d4 Nf6 2. c4 e6 3. g3 a6 4. Nf3 b5 5. cxb5 axb5 6. Bg2 Bb7 7. O-O Be7 8. Nbd2 O-O 9. Ne5 Bxg2 10. Kxg2 Qc8 11. Nd3 Qb7+ 12. Kg1 d6 13. Nb3 Nbd7 14. Bg5 Rfc8 15. Nd2 c5 16. dxc5 dxc5 17. a4 c4 18. Nf4 b4 19. Qc2 b3 20. Qb1 Ra5 21. Bxf6 Nxf6 22. Rc1 Qb4 23. Rc3 Rac5 24. Ne4 R5c7 25. Rf3 Nxe4 26. Qxe4 Bf6 27. Qb1 Bxb2 28. Qxb2 c3 29. Rxc3 Qxc3 30. Qxc3 Rxc3 31. Nd3 Rc1+ 32. Rxc1 Rxc1+ 33. Nxc1 b2 0-1

[Event "Istanbul Open 2019"]
[Site "Istanbul"]
[Date "2019.08.26"]
[Round "1.9"]
[White "Darban, Morteza"]
[Black "Mustafayev, Nihad"]
[Result "1-0"]
[ECO "E61"]
[WhiteElo "2280"]
[BlackElo "1925"]
[Annotator "ChessBase"]
[PlyCount "24"]
[EventDate "2019.08.26"]
[EventType "swiss"]
[EventCountry "TUR"]
[SourceTitle "playchess.com"]
[Source "ChessBase"]
[SourceQuality "1"]
[TimeControl "5400+30"]

1. c4 Nf6 2. Nc3 g6 3. g3 Bg7 4. Bg2 O-O 5. d4 d6 6. e3 e5 7. Nge2 Na6 8. O-O c6 9. b3 Nc7 10. Bb2 a6 11. dxe5 dxe5 12. Na4 Nd7 1-0

[Event "Istanbul Open 2019"]
[Site "Istanbul"]
[Date "2019.08.26"]
[Round "1.10"]
[White "Aydogdu, Cagatay"]
[Black "Kilic, Efe Mert"]
[Result "0-1"]
[ECO "B07"]
[WhiteElo "1914"]
[BlackElo "2272"]
[Annotator "ChessBase"]
[PlyCount "49"]
[EventDate "2019.08.26"]
[EventType "swiss"]
[EventCountry "TUR"]
[SourceTitle "playchess.com"]
[Source "ChessBase"]
[SourceQuality "1"]
[TimeControl "5400+30"]

1. e4 d6 2. d4 Nf6 3. Bd3 e5 4. c3 Nc6 5. Ne2 g6 6. O-O Bg7 7. dxe5 dxe5 8. f3 O-O 9. Bb5 Bd7 10. Na3 Qe7 11. Be3 a6 12. Bxc6 Bxc6 13. b4 b6 14. Qb3 Ne8 15. c4 Bd7 16. Nc3 f5 17. Nd5 Qf7 18. Bg5 Kh8 19. Rad1 Qe6 20. c5 b5 21. Nb1 h6 22. Bh4 Kh7 23. Ndc3 Rf7 24. exf5 gxf5 25. Rfe1 0-1

[Event "Istanbul Open 2019"]
[Site "Istanbul"]
[Date "2019.08.26"]
[Round "1.11"]
[White "Aliakbarov, Anar"]
[Black "Temizer, Umut"]
[Result "1-0"]
[ECO "D30"]
[WhiteElo "2265"]
[BlackElo "1833"]
[Annotator "ChessBase"]
[PlyCount "24"]
[EventDate "2019.08.26"]
[EventType "swiss"]
[EventCountry "TUR"]
[SourceTitle "playchess.com"]
[Source "ChessBase"]
[SourceQuality "1"]
[TimeControl "5400+30"]

1. d4 d5 2. c4 c6 3. Nf3 Nf6 4. e3 e6 5. Nbd2 Nbd7 6. b3 b6 7. Bb2 Bb7 8. Bd3 c5 9. cxd5 exd5 10. O-O Bd6 11. Qe2 O-O 12. Ba6 Bc8 1-0

[Event "Istanbul Open 2019"]
[Site "Istanbul"]
[Date "2019.08.26"]
[Round "1.13"]
[White "Eren, Ataberk"]
[Black "Onem, Cem"]
[Result "1-0"]
[ECO "D55"]
[WhiteElo "2254"]
[BlackElo "1833"]
[Annotator "ChessBase"]
[PlyCount "37"]
[EventDate "2019.08.26"]
[EventType "swiss"]
[EventCountry "TUR"]
[SourceTitle "playchess.com"]
[Source "ChessBase"]
[SourceQuality "1"]
[TimeControl "5400+30"]

1. d4 d5 2. Nf3 Nf6 3. c4 e6 4. Nc3 Be7 5. Bg5 Nbd7 6. e3 O-O 7. cxd5 exd5 8. Bd3 b6 9. O-O Bb7 10. Rc1 c5 11. Re1 c4 12. Bb1 a6 13. Ne5 b5 14. f4 Re8 15. Qf3 Nf8 16. Qh3 h6 17. Bxh6 gxh6 18. Qg3+ Ng6 19. Bxg6 1-0

[Event "Istanbul Open 2019"]
[Site "Istanbul"]
[Date "2019.08.26"]
[Round "1.14"]
[White "Asgarov, Nihad"]
[Black "Yaran, Siar"]
[Result "0-1"]
[ECO "C62"]
[WhiteElo "1909"]
[BlackElo "2209"]
[Annotator "ChessBase"]
[PlyCount "110"]
[EventDate "2019.08.26"]
[EventType "swiss"]
[EventCountry "TUR"]
[SourceTitle "playchess.com"]
[Source "ChessBase"]
[SourceQuality "1"]
[TimeControl "5400+30"]

1. e4 e5 2. Nf3 Nc6 3. Bb5 d6 4. d4 Bd7 5. dxe5 Nxe5 6. Bxd7+ Qxd7 7. Nxe5 dxe5 8. Qxd7+ Kxd7 9. Be3 Nf6 10. Nc3 c6 11. f3 Ke6 12. O-O-O Bb4 13. Na4 b6 14. Rd3 Rhd8 15. Rhd1 Rd7 16. a3 Be7 17. Nc3 Rad8 18. Rxd7 Nxd7 19. Ne2 Rg8 20. g4 Bc5 21. Bxc5 Nxc5 22. Ng3 g6 23. Rd2 Ke7 24. Kd1 Rh8 25. b3 b5 26. Ke2 Rb8 27. Ke3 Rb6 28. Rd1 Ra6 29. Ra1 Ne6 30. Ne2 b4 31. a4 c5 32. Rd1 Nd4 33. Rd2 Rc6 34. f4 Nxe2 35. Rxe2 exf4+ 36. Kxf4 c4 37. bxc4 Rxc4 38. Ke5 a5 39. Rd2 f6+ 40. Kd5 Rc3 41. g5 fxg5 42. e5 g4 43. Rf2 Rf3 44. Rg2 h5 45. Kc5 Re3 46. Kd5 Ra3 47. Rf2 Rf3 48. Rg2 Rf1 49. Kc5 Re1 50. Kd5 Rd1+ 51. Kc5 Ke6 52. h3 gxh3 53. Rxg6+ Kf5 54. Rh6 Kg5 55. Rd6 Rc1 0-1

[Event "Istanbul Open 2019"]
[Site "Istanbul"]
[Date "2019.08.26"]
[Round "1.18"]
[White "Cadet, Halil Emre"]
[Black "Metin, Enis"]
[Result "1/2-1/2"]
[ECO "B22"]
[WhiteElo "1404"]
[BlackElo "1749"]
[Annotator "NA RC"]
[PlyCount "31"]
[EventDate "2019.08.26"]
[EventType "swiss"]
[EventCountry "TUR"]
[SourceTitle "playchess.com"]
[Source "ChessBase"]
[SourceQuality "1"]
[TimeControl "5400+30"]

1. e4 c5 2. c3 g6 3. d4 cxd4 4. cxd4 d5 5. e5 Nc6 6. Nf3 Bg4 7. Be2 Nh6 8. Nbd2 Bg7 9. Nb3 O-O 10. h3 Bxf3 11. Bxf3 Nf5 12. O-O e6 13. g4 Nh4 14. Be2 f6 15. f4 fxe5 16. fxe5 1/2-1/2

[Event "Istanbul Open 2019"]
[Site "Istanbul"]
[Date "2019.08.27"]
[Round "2.1"]
[White "Okus, Melih"]
[Black "Shanava, Konstantine"]
[Result "0-1"]
[ECO "B24"]
[WhiteElo "1959"]
[BlackElo "2496"]
[Annotator "ChessBase"]
[PlyCount "78"]
[EventDate "2019.08.26"]
[EventType "swiss"]
[EventCountry "TUR"]
[SourceTitle "playchess.com"]
[Source "ChessBase"]
[SourceQuality "1"]
[TimeControl "5400+30"]

1. e4 c5 2. Nc3 Nc6 3. g3 g6 4. Bg2 Bg7 5. f4 d6 6. Nf3 Bg4 7. h3 Bxf3 8. Qxf3 Nd4 9. Qd1 e6 10. O-O Ne7 11. d3 O-O 12. Ne2 Rc8 13. c3 Nxe2+ 14. Qxe2 b5 15. g4 b4 16. Bd2 bxc3 17. Bxc3 Nc6 18. Bxg7 Kxg7 19. f5 Qf6 20. Qd2 h6 21. Rf2 Qd4 22. Kh1 Ne5 23. Rd1 Rb8 24. b3 a5 25. Qb2 Qxb2 26. Rxb2 Rb4 27. Rbd2 Nc6 28. Kh2 Rfb8 29. Rf2 Ne5 30. Kg3 a4 31. bxa4 Rxa4 32. Kf4 Ra3 33. Bf1 Rb4 34. h4 Rd4 35. Rfd2 g5+ 36. hxg5 hxg5+ 37. Kxg5 Nf3+ 38. Kf4 Nxd2 39. Rxd2 Rda4 0-1

[Event "Istanbul Open 2019"]
[Site "Istanbul"]
[Date "2019.08.27"]
[Round "2.2"]
[White "Arat, Ufuk Sezen"]
[Black "Tarhan, Adar"]
[Result "1-0"]
[ECO "A14"]
[WhiteElo "2390"]
[BlackElo "1949"]
[Annotator "NA"]
[PlyCount "89"]
[EventDate "2019.08.26"]
[EventType "swiss"]
[EventCountry "TUR"]
[SourceTitle "playchess.com"]
[Source "ChessBase"]
[SourceQuality "1"]
[TimeControl "5400+30"]

1. Nf3 Nf6 2. c4 e6 3. g3 d5 4. Bg2 Be7 5. b3 b6 6. O-O Bb7 7. Bb2 O-O 8. e3 Nbd7 9. Nc3 c5 10. Qe2 Rc8 11. d3 Qc7 12. Rad1 Rfd8 13. Ne1 a6 14. f4 Nf8 $14 15. Nf3 Ng6 16. e4 b5 17. e5 Ng4 18. cxd5 exd5 19. d4 b4 20. Na4 Bc6 21. Rfe1 Bxa4 22. bxa4 c4 23. f5 Nh8 24. h3 Nh6 25. g4 Kf8 26. Bc1 Ng8 27. Ng5 Bxg5 28. Bxg5 f6 29. Bf4 c3 30. Qe3 c2 31. Rc1 Qc3 32. Qxc3 Rxc3 33. Bd2 Rc4 34. Bf1 Rxd4 35. Be3 Re4 36. Bc5+ Ke8 37. Rxe4 dxe4 38. e6 Ne7 39. Rxc2 g6 40. Bxa6 gxf5 41. Bb5+ Kf8 42. gxf5 Rd5 43. Bxe7+ Kxe7 44. Rc7+ Kd6 45. Rd7+ 1-0

[Event "Istanbul Open 2019"]
[Site "Istanbul"]
[Date "2019.08.27"]
[Round "2.3"]
[White "Ozsakallioglu, Okan"]
[Black "Akbas, Umut Ata"]
[Result "1-0"]
[ECO "E63"]
[WhiteElo "2324"]
[BlackElo "1986"]
[Annotator "NA"]
[PlyCount "85"]
[EventDate "2019.08.26"]
[EventType "swiss"]
[EventCountry "TUR"]
[SourceTitle "playchess.com"]
[Source "ChessBase"]
[SourceQuality "1"]
[TimeControl "5400+30"]

1. d4 Nf6 2. c4 g6 3. Nf3 Bg7 4. g3 O-O 5. Bg2 d6 6. O-O a6 7. Nc3 Nc6 8. Bg5 h6 9. Bf4 Bf5 10. Rc1 Ne4 11. Nxe4 Bxe4 $14 12. d5 Nb8 13. Qd2 Kh7 14. h4 Nd7 15. h5 Nf6 16. hxg6+ Bxg6 17. Nh4 Qd7 18. Rfe1 Ne4 19. Qc2 Ng5 20. Nxg6 fxg6 21. Bxg5 hxg5 22. Be4 Qh3 23. Bxg6+ Kh6 24. Be4 Rxf2 25. Kxf2 Bd4+ 26. e3 Qh2+ 27. Bg2 Rf8+ 28. Ke2 Qxg2+ 29. Kd3 Rf2 30. Re2 Bxe3 31. Rxf2 Bxf2 32. Qe2 Qxg3+ 33. Kc2 Qe3 34. Rh1+ Kg7 35. Qxe3 Bxe3 36. Kd3 Bf4 37. Ke4 Be5 38. Kf5 Bf6 39. b4 b6 40. Rh3 a5 41. bxa5 bxa5 42. Ra3 Kh6 43. Ke4 1-0

[Event "Istanbul Open 2019"]
[Site "Istanbul"]
[Date "2019.08.27"]
[Round "2.6"]
[White "Akin, Yagiz Cinar"]
[Black "Citak, Selim"]
[Result "0-1"]
[ECO "D02"]
[WhiteElo "1953"]
[BlackElo "2263"]
[Annotator "ChessBase"]
[PlyCount "102"]
[EventDate "2019.08.26"]
[EventType "swiss"]
[EventCountry "TUR"]
[SourceTitle "playchess.com"]
[Source "ChessBase"]
[SourceQuality "1"]
[TimeControl "5400+30"]

1. Nf3 Nf6 2. g3 d5 3. Bg2 Nc6 4. d4 Bf5 5. O-O e6 6. Bf4 Bd6 7. Bg5 h6 8. Bxf6 Qxf6 9. c4 O-O 10. Nc3 dxc4 11. h3 e5 12. d5 Nd4 13. Nd2 Bc2 14. Qc1 Bb4 15. e3 Bxc3 16. exd4 Bxd2 17. Qxc2 Ba5 18. dxe5 Qxe5 19. Qxc4 Qxb2 20. Rab1 Qf6 21. Rxb7 Bb6 22. Qc6 Qd4 23. d6 Qxd6 24. Qxd6 cxd6 25. Bd5 Rae8 26. Bc4 Re4 27. Bb3 Re2 28. Kg2 g5 29. g4 Kg7 30. Kg3 Kg6 31. Rd1 Bc5 32. Bc4 Re5 33. a4 Kf6 34. f3 Re7 35. Rxe7 Kxe7 36. f4 f5 37. fxg5 hxg5 38. Rd5 f4+ 39. Kf3 Rh8 40. Kg2 Be3 41. Be2 Rc8 42. Kf3 Rc3 43. Ke4 Ra3 44. a5 Bc5 45. Bd3 Ke6 46. Rxg5 d5+ 47. Kxf4 Rxd3 48. Rh5 Bd6+ 49. Kg5 d4 50. Kh6 Rg3 51. g5 Bf4 0-1

[Event "Istanbul Open 2019"]
[Site "Istanbul"]
[Date "2019.08.27"]
[Round "2.7"]
[White "Nuri, Murad"]
[Black "Rahimli, Ilkin"]
[Result "1/2-1/2"]
[ECO "B31"]
[WhiteElo "2291"]
[BlackElo "1992"]
[Annotator "RC"]
[PlyCount "90"]
[EventDate "2019.08.26"]
[EventType "swiss"]
[EventCountry "TUR"]
[SourceTitle "playchess.com"]
[Source "ChessBase"]
[SourceQuality "1"]
[TimeControl "5400+30"]

1. e4 c5 2. Nf3 d6 3. Bb5+ Nc6 4. O-O Bd7 5. Re1 g6 6. c3 Bg7 7. h3 Nf6 8. d4 cxd4 9. cxd4 O-O 10. Nc3 Ne8 11. Bg5 Nc7 12. Bf1 h6 13. Be3 e6 14. Qd2 Kh7 15. Rad1 Ne7 16. e5 d5 17. g4 Nc6 18. Bf4 f5 19. g5 h5 20. Rc1 Rf7 21. Ne2 Bf8 22. a3 Ne8 23. b4 a5 24. b5 Na7 25. a4 Bb4 26. Nc3 Nc8 27. Qa2 Nb6 28. Bd2 Rc8 29. h4 Qe7 30. Rc2 Ng7 31. Rec1 Ba3 32. Ra1 Bb4 33. Rac1 Rff8 34. Qb3 f4 35. Bd3 Nc4 36. Be1 Nf5 37. Bxf5 Rxf5 38. Na2 Ba3 39. Rd1 Rff8 40. Nc1 Bxc1 41. Rdxc1 Qf7 42. Qd3 Nb2 43. Qa3 Nc4 44. Qd3 Nb2 45. Qa3 Nc4 1/2-1/2

[Event "Istanbul Open 2019"]
[Site "Istanbul"]
[Date "2019.08.27"]
[Round "2.8"]
[White "Ozdemir, Serhan Berat"]
[Black "Darban, Morteza"]
[Result "1/2-1/2"]
[ECO "B04"]
[WhiteElo "1978"]
[BlackElo "2280"]
[Annotator "NA"]
[PlyCount "68"]
[EventDate "2019.08.26"]
[EventType "swiss"]
[EventCountry "TUR"]
[SourceTitle "playchess.com"]
[Source "ChessBase"]
[SourceQuality "1"]
[TimeControl "5400+30"]

1. e4 Nf6 2. e5 Nd5 3. d4 d6 4. Nf3 g6 5. Bc4 c6 6. O-O Bg7 7. h3 O-O 8. Re1 a5 9. a4 Na6 10. Nc3 $14 Nxc3 11. bxc3 d5 12. Bf1 Nc7 13. Be3 b6 14. Qd2 Ba6 15. Nh2 Bxf1 16. Rxf1 f6 17. exf6 exf6 18. Bh6 Ne8 19. Bxg7 Kxg7 20. Ng4 Nd6 21. Rfe1 Qd7 22. Re2 g5 23. Rae1 Rae8 24. Qd3 Rxe2 25. Rxe2 h5 26. Ne3 Re8 27. Nf5+ Nxf5 28. Rxe8 Qxe8 29. Qxf5 h4 30. Kf1 Qe4 31. Qd7+ Kg6 32. Qd8 Qxc2 33. Qg8+ Kh6 34. Qh8+ Kg6 1/2-1/2

[Event "Istanbul Open 2019"]
[Site "Istanbul"]
[Date "2019.08.27"]
[Round "2.10"]
[White "Tirak, Mert"]
[Black "Aliakbarov, Anar"]
[Result "0-1"]
[ECO "C44"]
[WhiteElo "1953"]
[BlackElo "2265"]
[Annotator "ChessBase"]
[PlyCount "84"]
[EventDate "2019.08.26"]
[EventType "swiss"]
[EventCountry "TUR"]
[SourceTitle "playchess.com"]
[Source "ChessBase"]
[SourceQuality "1"]
[TimeControl "5400+30"]

1. e4 e5 2. Nf3 Nc6 3. c3 Nf6 4. d4 exd4 5. e5 Ne4 6. Qe2 f5 7. exf6 d5 8. Nxd4 Nxd4 9. cxd4 Qxf6 10. f3 Bb4+ 11. Bd2 O-O 12. Bxb4 Re8 13. fxe4 Rxe4 14. Qxe4 dxe4 15. Bc4+ Be6 16. Bxe6+ Qxe6 17. O-O e3 18. Re1 Qf6 19. Bc3 Qf2+ 20. Kh1 Rf8 21. Na3 e2 22. Rg1 Rf5 23. Nc2 Rh5 24. Rge1 Qf4 25. Kg1 Rxh2 26. Rxe2 Qh4 27. Re8+ Kf7 28. Kf1 Kxe8 29. Re1+ Kf7 30. Re3 Qg4 31. Ne1 Rh1+ 32. Kf2 Qh4+ 33. Ke2 Rxe1+ 34. Bxe1 Qxd4 35. Bc3 Qc4+ 36. Kf2 Qxa2 37. Rf3+ Ke6 38. Bxg7 Qb1 39. g4 Qg6 40. Re3+ Kd7 41. Be5 Qxg4 42. Rd3+ Kc8 0-1

[Event "Istanbul Open 2019"]
[Site "Istanbul"]
[Date "2019.08.27"]
[Round "2.11"]
[White "Annaberdiyev, Babageldi"]
[Black "Yasin, Hur"]
[Result "0-1"]
[ECO "A30"]
[WhiteElo "2242"]
[BlackElo "1906"]
[Annotator "ChessBase"]
[PlyCount "98"]
[EventDate "2019.08.26"]
[EventType "swiss"]
[EventCountry "TUR"]
[SourceTitle "playchess.com"]
[Source "ChessBase"]
[SourceQuality "1"]
[TimeControl "5400+30"]

1. Nf3 Nf6 2. g3 b6 3. Bg2 Bb7 4. O-O c5 5. c4 g6 6. b3 Bg7 7. Bb2 O-O 8. d4 cxd4 9. Qxd4 d6 10. Qh4 Nbd7 11. Nc3 Rc8 12. Rad1 Rc5 13. Qf4 Qa8 14. Qe3 Re8 15. h3 Ne5 16. Na4 Nxf3+ 17. Bxf3 Bxf3 18. Qxf3 Qxf3 19. exf3 Rc6 20. Rfe1 Kf8 21. Bd4 Rb8 22. Nc3 Ne8 23. Nd5 Rb7 24. a4 Bxd4 25. Rxd4 Rc5 26. Rh4 h5 27. Rhe4 e6 28. Nf4 Nc7 29. b4 Rf5 30. g4 hxg4 31. fxg4 Rf6 32. Rd1 Ne8 33. Kg2 a6 34. Ne2 g5 35. Nc3 Rc7 36. Ne2 Rg6 37. f4 Nf6 38. Red4 d5 39. f5 Rh6 40. fxe6 fxe6 41. cxd5 Nxd5 42. Rf1+ Ke7 43. Re4 Rc2 44. Rf2 Rf6 45. b5 axb5 46. axb5 Nc3 47. Re5 Rxf2+ 48. Kxf2 Kf6 49. Re3 Nd1+ 0-1

[Event "Istanbul Open 2019"]
[Site "Istanbul"]
[Date "2019.08.27"]
[Round "2.12"]
[White "Aydin, Kaan Ayhan"]
[Black "Eren, Ataberk"]
[Result "0-1"]
[ECO "C13"]
[WhiteElo "1890"]
[BlackElo "2254"]
[Annotator "NA"]
[PlyCount "74"]
[EventDate "2019.08.26"]
[EventType "swiss"]
[EventCountry "TUR"]
[SourceTitle "playchess.com"]
[Source "ChessBase"]
[SourceQuality "1"]
[TimeControl "5400+30"]

1. e4 e6 2. d4 d5 3. Nc3 Nf6 4. Bg5 dxe4 5. Nxe4 Be7 6. Bxf6 gxf6 7. Nf3 b6 8. Bb5+ c6 9. Bc4 Bb7 10. Qe2 Nd7 11. O-O-O Qc7 12. Kb1 {[%emt 0:02:30] C13: French: Classical System: 4 Bg5 Be7, Alekhine-Chatard Attack} ({Predecessor:} 12. Rhe1 O-O-O 13. g3 Kb8 14. Kb1 {0-1 (41) Rotstein,J-Serebrisky,A Kiev 1956} Nf8 15. Ba6 Ba8 16. Bd3 Ng6 17. h4 f5 18. Neg5 Bf6 19. Bc4 h6 20. Nxf7 Qxf7 21. Bxe6 {½-½ (44) Brenjo,S (2491)-Stojanovic,M (2576) Vrsac 2007}) 12... O-O-O 13. Rhe1 Rhg8 $146 (13... Kb8) 14. g3 Kb8 15. a3 f5 16. Nc3 Bf6 (16... b5 $5 17. Bb3 a6 $11) 17. Ne5 Nxe5 18. dxe5 Rxd1+ 19. Nxd1 Bg7 20. f4 Rd8 21. Nc3 b5 22. Bd3 $11 Bf8 23. g4 b4 24. axb4 Bxb4 25. gxf5 Qa5 26. fxe6 fxe6 27. Bc4 Bxc3 28. bxc3 Qxc3 29. Bb3 Rd4 30. Rg1 a5 31. Qf2 a4 32. Bxa4 Rxa4 33. Rg8+ Kc7 34. Rg7+ Kc8 35. Rg8+ Kd7 36. Rg7+ Ke8 37. Re7+ Kf8 0-1

[Event "Istanbul Open 2019"]
[Site "Istanbul"]
[Date "2019.08.27"]
[Round "2.13"]
[White "Yaran, Siar"]
[Black "Gundogan, Sinem Cagla"]
[Result "1-0"]
[ECO "C44"]
[WhiteElo "2209"]
[BlackElo "1820"]
[Annotator "ChessBase"]
[PlyCount "55"]
[EventDate "2019.08.26"]
[EventType "swiss"]
[EventCountry "TUR"]
[SourceTitle "playchess.com"]
[Source "ChessBase"]
[SourceQuality "1"]
[TimeControl "5400+30"]

1. e4 e5 2. Nf3 Nc6 3. c3 Nf6 4. d4 exd4 5. e5 Nd5 6. Bc4 Nb6 7. Bb3 Be7 8. O-O O-O 9. Bf4 d5 10. Nxd4 Nxd4 11. cxd4 Bf5 12. Nc3 c6 13. Qe2 Re8 14. Nd1 f6 15. Ne3 Be6 16. Bc2 fxe5 17. Bxe5 Nd7 18. Qh5 Nf8 19. f4 Bf7 20. Qg4 Bf6 21. Rf3 Ng6 22. Rh3 c5 23. Qh5 cxd4 24. Qxh7+ Kf8 25. Ng4 Bxe5 26. fxe5 Qg5 27. Rf1 Nf4 28. Rhf3 1-0

[Event "Istanbul Open 2019"]
[Site "Istanbul"]
[Date "2019.08.28"]
[Round "2.14"]
[White "Yilmaz, Turhan"]
[Black "Portakalci, Yusuf"]
[Result "1-0"]
[ECO "C02"]
[WhiteElo "2199"]
[BlackElo "1831"]
[Annotator "ChessBase"]
[PlyCount "99"]
[EventDate "2019.08.26"]
[EventType "swiss"]
[EventCountry "TUR"]
[TimeControl "5400+30"]

1. e4 e6 2. d4 d5 3. e5 c5 4. c3 Nc6 5. Nf3 Be7 6. a3 a5 7. b3 f5 8. h3 Nh6 9. Bxh6 gxh6 10. h4 Qb6 11. Be2 Bd7 12. Ra2 Rg8 13. O-O O-O-O 14. Rd2 cxd4 15. cxd4 Rg4 16. Re1 Rdg8 17. Bf1 Be8 18. Qc1 Bh5 19. Rd3 R4g6 20. Nbd2 Kb8 21. Qb2 Qd8 22. b4 axb4 23. axb4 Qf8 24. Ra1 Qg7 25. Ne1 Be2 26. Rda3 Bxf1 27. Ra8+ Kc7 28. Rxg8 Qxg8 29. Kxf1 Bxb4 30. Rb1 Qa8 31. Kg1 Rg4 32. Ndf3 Qa3 33. Qc2 Bxe1 34. Nxe1 Rxd4 35. Nf3 Rb4 36. Rf1 Qb2 37. Qc5 Re4 38. Qd6+ Kb6 39. Qxe6 d4 40. Qxf5 Qe2 41. Rb1+ Ka7 42. Qxh7 Na5 43. Ra1 Ka6 44. Qxh6+ b6 45. Rb1 Nc4 46. Qc6 Ka7 47. Qd7+ Ka6 48. Nxd4 Qd3 49. Qc8+ Ka5 50. Qa8# 1-0

[Event "Istanbul Open 2019"]
[Site "Istanbul"]
[Date "2019.08.27"]
[Round "2.15"]
[White "Menekse, Tuncay"]
[Black "Yilmaz, Seyma"]
[Result "1-0"]
[ECO "E07"]
[WhiteElo "1684"]
[BlackElo "1509"]
[Annotator "NA"]
[PlyCount "71"]
[EventDate "2019.08.26"]
[EventType "swiss"]
[EventCountry "TUR"]
[SourceTitle "playchess.com"]
[Source "ChessBase"]
[SourceQuality "1"]
[TimeControl "5400+30"]

1. d4 f5 2. Nf3 Nf6 3. c4 e6 4. g3 Be7 5. Bg2 d5 6. O-O O-O 7. b3 c6 8. Nbd2 Ne4 9. Bb2 Nd7 10. e3 Ndf6 11. Ne5 Nxd2 12. Qxd2 Ne4 13. Qc2 Bd7 14. Rad1 Be8 15. f3 Nf6 16. Qd2 Bh5 17. Rf2 Nd7 18. Nd3 g5 19. Rdf1 g4 20. fxg4 Bxg4 21. Nf4 Qe8 22. Nxe6 Qg6 23. Nxf8 Rxf8 24. cxd5 Bd6 25. dxc6 bxc6 26. Bxc6 Nf6 27. Bg2 Ne4 28. Bxe4 fxe4 29. Rxf8+ Bxf8 30. Qc2 Bh6 31. Bc1 Be6 32. d5 Bh3 33. Rf2 Qg4 34. d6 Bf8 35. Qc4+ Kg7 36. Qf7+ 1-0

[Event "Istanbul Open 2019"]
[Site "Istanbul"]
[Date "2019.08.27"]
[Round "2.16"]
[White "Al Kathiri, Hassan"]
[Black "Amanmuradow, Atajan"]
[Result "0-1"]
[ECO "B01"]
[WhiteElo "1636"]
[BlackElo "1794"]
[Annotator "NA"]
[PlyCount "112"]
[EventDate "2019.08.26"]
[EventType "swiss"]
[EventCountry "TUR"]
[SourceTitle "playchess.com"]
[Source "ChessBase"]
[SourceQuality "1"]
[TimeControl "5400+30"]

1. e4 d5 2. exd5 Qxd5 3. Nc3 Qa5 4. d4 Nf6 5. Bd3 c6 6. Nf3 Bg4 7. h3 Bh5 8. O-O Nbd7 9. Bf4 e6 10. a3 Be7 11. b4 Qd8 12. Be2 Nb6 13. Rb1 O-O 14. g4 Bg6 15. Ne5 Nfd5 16. Nxd5 cxd5 17. Nxg6 hxg6 18. Rb3 Qd7 19. b5 Rfc8 20. Qd3 Rc4 21. Qd2 Ra4 22. Ra1 Rc8 23. c3 Nc4 24. Qc1 Qd8 25. Bxc4 Rcxc4 26. Qb2 b6 27. Bc1 Bd6 28. Qd2 Rc8 29. Qd3 Qf6 30. Kg2 e5 31. dxe5 Qxe5 32. f4 Qe6 33. Rb4 Bxb4 34. cxb4 Qe4+ 35. Qxe4 dxe4 36. Kf2 Rc3 37. h4 f5 38. gxf5 gxf5 39. Ke2 Rb3 40. Ra2 Rbxb4 41. Bb2 Rxb5 42. Be5 Rb3 43. Rd2 Raxa3 44. Rd8+ Kh7 45. Rd7 Ra2+ 46. Rd2 Rxd2+ 47. Kxd2 a5 48. Kc2 a4 49. Bc7 b5 50. Be5 b4 51. Bd6 Rc3+ 52. Kb2 a3+ 53. Kb1 e3 54. Ka1 e2 55. Bxb4 e1=Q+ 56. Ka2 Qd2+ 0-1